 Dungeon Crawl Stone Soup version 0.22-a0-803-gd6d8abe (webtiles) character file.

28 sking99 the Insei (level 3, -2/29 HPs)
             Began as a Draconian Transmuter on July 22, 2018.
             Killed from afar by an orc wizard (4 damage)
             ... with a magic dart
             ... on level 3 of the Dungeon.
             The game lasted 00:02:06 (1278 turns).

sking99 the Insei (Draconian Transmuter)            Turns: 1278, Time: 00:02:07

Health: -2/29      AC:  9    Str: 12    XL:     3   Next: 0%
Magic:  5/6        EV: 12    Int: 13    God:
Gold:   64         SH:  0    Dex: 12    Spells: 3/6 levels left

rFire    . . .     SeeInvis .     - Unarmed
rCold    . . .     Gourm    .   (no shield)
rNeg     . . .     Faith    .   (armour unavailable)
rPois    .         Spirit   .   (helmet restricted)
rElec    .         Reflect  .   (no cloak)
rCorr    .         Harm     .   k - +0 pair of gloves
MR       .....                  j - +2 pair of boots
Stlth    +.........             (no amulet)
HPRegen  0.09/turn              (no ring)
MPRegen  0.10/turn              (no ring)

@: confused, appendage (expiring)
A: unfitting armour, horns 2, cold-blooded, AC +5
a: End Transformation


You were on level 3 of the Dungeon.
You were not hungry.
You had grown temporary horns.
You visited 1 branch of the dungeon, and saw 3 of its levels.

You collected 64 gold pieces.

Inventory:

Missiles
 a - 48 arrows
Armour
 j - a +2 pair of boots (worn)
 k - a +0 pair of gloves (worn)
Jewellery
 m - a cursed -3 ring of dexterity {unknown}
Scrolls
 b - 2 scrolls of teleportation {unknown}
 e - 2 scrolls of fog {unknown}
 f - 4 scrolls of identify {unknown}
 i - a scroll of remove curse {unknown}
Potions
 d - a potion of curing
 g - a potion of haste {unknown}
 h - 2 potions of might {unknown}
Comestibles
 c - 4 rations
 l - 7 chunks of flesh


   Skills:
 + Level 1.8 Fighting
 - Level 2.0 Dodging
 * Level 3.6 Unarmed Combat
 - Level 2.0 Spellcasting
 + Level 2.2 Transmutations


You had 3 spell levels left.
You knew the following spells:

 Your Spells              Type           Power        Failure   Level  Hunger
a - Beastly Appendage     Tmut           #.....       11%         1    ##.....
b - Sticks to Snakes      Tmut           #.......     16%         2    ###....

Your spell library contained the following spells:

 Spells                   Type           Power        Failure   Level  Hunger
 Spider Form              Tmut/Pois      #.........   43%         3    ####...
 Blade Hands              Tmut           #.........   96%         5    ######.
 Ice Form                 Ice/Tmut       #.......     85%         4    #####..


Dungeon Overview and Level Annotations

Branches:
Dungeon (2/15)

Altars:
Dithmenos
Fedhas

Annotations:
D:3 Robin


Innate Abilities, Weirdness & Mutations

Your plain brown scales are hard. (AC +5)
You cannot fit into any form of body armour.
You are cold-blooded and may be slowed by cold attacks.
You have a pair of horns on your head.


Message History

The orc wizard closely misses you. The orc wizard misses you.
You're too confused to move!
The orc barely misses you. The orc wizard barely misses you.
The orc wizard hits you with a dagger.
* * * LOW HITPOINT WARNING * * *
You bump into the rock wall.
Your transformation is almost over.
The orc hits you.
* * * LOW HITPOINT WARNING * * *
A goblin comes into view.
The orc wizard closely misses you.
A goblin comes into view.
The orc wizard hits you but does no damage.
You bump into the stone wall.
The goblin shouts! x2; You hear a shout! x4; You hear a bark!
The goblin no longer looks unusually strong.
The orc barely misses you.
A goblin comes into view. It is wielding a club.
The orc wizard gestures at you while chanting.
The magic dart hits you!
You die...

###################
#..................
###...#..)#...#...#.
#....).......(......
#.#oo.#..)#...#...#.
#####go@................
#....o##################
..#..gg.........
........o.......
..#.............
#.......[....o..
.............o..
##..............
#..........g...


You could see Robin, 2 orc wizards, 2 orcs and 2 goblins.

Vanquished Creatures
  2 worms
  A dart slug (D:1)
  2 goblins
  2 hobgoblins
  3 jackals
  A quokka (D:3)
  4 bats
  A frilled lizard (D:3)
  3 kobolds
  A rat (D:3)
20 creatures vanquished.

Vanquished Creatures (collateral kills)
  A rat (D:2)
1 creature vanquished.

Grand Total: 21 creatures vanquished

Notes
Turn   | Place    | Note
-------+----------+-------------------------------------------
     0 | D:1      | sking99 the Draconian Transmuter began the quest for the Orb.
     0 | D:1      | Reached XP level 1. HP: 16/16 MP: 3/3
   442 | D:1      | Reached XP level 2. HP: 23/23 MP: 5/5
   688 | D:1      | Learned a level 2 spell: Sticks to Snakes
  1135 | D:2      | Found a shadowy altar of Dithmenos.
  1137 | D:2      | You fall through a shaft!
  1137 | D:3      | Found a blossoming altar of Fedhas.
  1257 | D:3      | Noticed Robin
  1258 | D:3      | Reached XP level 3. HP: 21/29 MP: 4/6
  1278 | D:3      | Killed from afar by an orc wizard

Vault maps used:
D:1:      saegor_arrival_miasma
D:2:      nicolae_dithmenos_shadow_blocks, uniq_terence
D:3:      ashenzari_altar_1, lemuel_coloured_pillars_altar, first_ration,
          hangedman_decor_points, uniq_robin

Skill      XL: |  1 |
---------------+----+-----
Dodging        | 2 |  2.0
Fighting       | |  1.8
Unarmed Combat | |  3.6
Spellcasting   | |  2.0
Transmutations | |  2.2

Action                   || total
-------------------------++-------
Melee: Unarmed           ||   109
       Tailslap          ||    14
       Punch             ||     8
       Headbutt          ||     3
 Cast: Beastly Appendage ||     3
       Sticks to Snakes  ||     1
  Eat: Chunk             ||     1
Armor: Skin              ||    36
Dodge: Dodged            ||    90

Table legend:
 A = Spawn XP
 B = Non-spawn XP
 C = Spawn XP percentage of total XP
 D = Spawn monster count
 E = Non-spawn monster count
 F = Spawn count percentage of total count
 G = Total turns spent on level
                    A         B        C        D         E        F      G
               +---------+---------+-------+---------+---------+-------+---------
         Total |       0 |      41 |   0.0 |       0 |      21 |   0.0 |  1278
               +---------+---------+-------+---------+---------+-------+---------
           D:1 |       0 |      13 |   0.0 |       0 |       7 |   0.0 |   784
           D:2 |       0 |      11 |   0.0 |       0 |       5 |   0.0 |   353
           D:3 |       0 |      17 |   0.0 |       0 |       9 |   0.0 |   141
               +---------+---------+-------+---------+---------+-------+---------
